 Dungeon Crawl Stone Soup version 0.22-a0-374-g5dfd9e3 (webtiles) character file.

316502 iamserjio the Scorcher (level 20, -4/144 HPs)
             Began as a Demonspawn Fire Elementalist on Apr 26, 2018.
             Was the Champion of Vehumet.
             Splashed by the Royal Jelly's acid (5 damage)
             ... on level 5 of the Pits of Slime.
             The game lasted 04:50:30 (52663 turns).

iamserjio the Scorcher (DsFE)                      Turns: 52663, Time: 04:50:31

Health: -4/144     AC: 23    Str:  8    XL:     20   Next: 15%
Magic:  49/49      EV: 10    Int: 39    God:    Vehumet [******]
Gold:   2533       SH:  4    Dex: 11    Spells: 6/51 levels left

rFire    + . .     SeeInvis +   Q - staff of conjuration
rCold    + . .     Gourm    .   y - +0 buckler
rNeg     . . .     Faith    .   R - +4 scale mail of Heurghoe {Int+10}
rPois    +         Spirit   .   w - +2 helmet {Int+3}
rElec    .         Reflect  .   X - +2 cloak {MR+}
rCorr    +         Harm     .   F - +2 pair of gloves
MR       ++...                  (boots unavailable)
Stlth    ..........             G - amulet of magic regeneration
HPRegen  0.34/turn              Z - ring of magical power
MPRegen  0.56/turn              P - ring of Peehaow {rPois rF+ rC+ Dex-3 SInv}

@: corroded
A: talons 3, yellow scales 3, demonic guardian 2, spiny 2, augmentation 2
}: 3/15 runes: decaying, abyssal, gossamer
a: Renounce Religion


You were on level 5 of the Pits of Slime.
You worshipped Vehumet.
Vehumet was exalted by your worship.
You were not hungry.

You visited 8 branches of the dungeon, and saw 40 of its levels.
You visited the Abyss 1 time.
You also visited: Sewer and Volcano.

You collected 2923 gold pieces.
You spent 390 gold pieces at shops.

Inventory:

Armour
 w - a +2 helmet of intelligence (worn)
 y - a +0 buckler (worn)
 F - a +2 pair of gloves (worn)
 R - the +4 scale mail of Heurghoe (worn) {Int+10}
   (You found it on level 3 of the Elven Halls)

   It affects your intelligence (+10).
 S - a +2 robe of fire resistance
 X - a +2 cloak of magic resistance (worn)
Magical Staves
 x - an uncursed staff of wizardry
 E - an uncursed staff of earth
 J - an uncursed staff of power
 Q - an uncursed staff of conjuration (weapon)
 Y - an uncursed staff of energy
Jewellery
 k - an uncursed ring of flight
 A - an uncursed ring of poison resistance
 G - an amulet of magic regeneration (around neck)
 L - an uncursed ring of protection from cold
 O - an uncursed amulet of the gourmand
 P - the ring of Peehaow (right hand) {rPois rF+ rC+ Dex-3 SInv}
   (You found it on level 3 of the Lair of Beasts)

   [ring of protection from fire]

   It affects your dexterity (-3).
   It protects you from fire.
   It protects you from cold.
   It protects you from poison.
   It lets you see invisible.
 Z - a ring of magical power (left hand)
Wands
 D - a wand of iceblast (21)
 M - a wand of clouds (12)
 T - a wand of digging (22)
Scrolls
 b - 13 scrolls of remove curse
 e - 2 scrolls of blinking
 g - 3 scrolls of immolation
 i - 2 scrolls of torment
 m - 8 scrolls of fear
 o - 3 scrolls of identify
 q - 11 scrolls of teleportation
 t - 3 scrolls of magic mapping
 u - 9 scrolls of fog
 v - a scroll of amnesia
 W - 2 scrolls of vulnerability
Potions
 d - 8 potions of ambrosia
 f - 3 potions of might
 h - 21 potions of curing
 j - 7 potions of heal wounds
 l - 4 potions of cancellation
 p - a potion of magic
 r - 8 potions of mutation
 z - 4 potions of haste
 B - 4 potions of brilliance
 C - 4 potions of lignification
 U - 3 potions of resistance
Miscellaneous
 n - a crystal ball of energy
 s - a fan of gales
Comestibles
 c - 59 rations


   Skills:
 - Level 9.0 Fighting
 - Level 10.0 Armour
 + Level 7.7 Dodging
 - Level 1.7 Stealth
 - Level 4.0 Shields
 + Level 16.2 Spellcasting
 + Level 17.9 Conjurations
 - Level 3.4 Translocations
 * Level 18.3 Fire Magic
 - Level 5.0 Earth Magic


You had 6 spell levels left.
You knew the following spells:

 Your Spells              Type           Power        Failure   Level  Hunger
a - Flame Tongue          Conj/Fire      #####        0%          1    None
b - Conjure Flame         Conj/Fire      ########     0%          3    None
c - Sticky Flame          Conj/Fire      ########     1%          4    None
d - Summon Small Mammal   Summ           ####         6%          1    None
e - Fireball              Conj/Fire      ########..   1%          5    None
f - Searing Ray           Conj           ######       0%          2    None
g - Orb of Destruction    Conj           ########..   1%          7    ###....
h - Iron Shot             Conj/Erth      ########..   2%          6    None
i - Blink                 Tloc           N/A          2%          2    None
j - Ignition              Fire           ########..   6%          8    #####..
l - Vampiric Draining     Necr           ####......   19%         3    None
m - Regeneration          Chrm/Necr      ####......   19%         3    None


Dungeon Overview and Level Annotations

Branches:
Dungeon (15/15)            Temple (1/1) D:5            Lair (6/6) D:10
  Swamp (4/4) Lair:4       Spider (4/4) Lair:2        Slime (5/5) Lair:6
    Orc (2/2) D:12            Elf (3/3) Orc:2        Vaults (0/5) D:13
 Depths (0/5) D:15

Altars:
Ashenzari
Cheibriados
Dithmenos
Elyvilon
Fedhas
Gozag
Hepliaklqana
Kikubaaqudgha
Makhleb
Nemelex Xobeh
Okawaru
Qazlal
Ru
Sif Muna
Trog
Uskayaw
Vehumet
Wu Jian
Xom
Yredelemnul
Zin
The Shining One
Beogh
Jiyva

Shops:
D:8 :   D:11 (   D:12 [   Orc:2 %((*   Elf:1 *   Elf:2 :

Annotations:
D:2 Natasha
D:14 exclusion: gargoyle
Swamp:2 exclusion: spectral thing
Slime:2 exclusion: eye of devastation
Slime:5 Royal Jelly


Innate Abilities, Weirdness & Mutations

You have claws for feet.
You are completely covered in yellow scales. (AC +4, rCorr)
A demonic guardian rushes to your aid.
You are mostly covered in sharp spines.
Your magical and physical power is enhanced at high health.


Message History

The azure jelly hits you but does no damage.
The azure jelly hits you! The azure jelly freezes you!! You resist.
* * * LOW HITPOINT WARNING * * *
The azure jelly hits you.
* * * LOW HITPOINT WARNING * * *
The azure jelly hits you.
* * * LOW HITPOINT WARNING * * *
You block the azure jelly's attack.
The azure jelly hits you but does no damage. x2
The azure jelly barely misses you. The death ooze closely misses you.
The death ooze hits you!
* * * LOW HITPOINT WARNING * * *
The Royal Jelly hits you!
* * * LOW HITPOINT WARNING * * *
The acid corrodes you!
You are splashed with acid!
The acid burns!
You resist.
* * * LOW HITPOINT WARNING * * *
The Royal Jelly hits you.
* * * LOW HITPOINT WARNING * * *
You are splashed with acid!
The acid burns!
You resist.
You die...

...............
...............
...............
...............
...............
.......J.......
........4......
......JJ.......
......J@.......
......JJ.......
##.#...J#....##
##..###....##
### ##.## ##


You could see the Royal Jelly, an acid blob, 3 azure jellies, 2 death oozes and
a friendly orange demon.

Vanquished Creatures
  Dissolution (Slime:3)
  Mara (Spider:4)
  Nikola (Elf:3)
  Arachne (Spider:3)
  Jorgrun (Elf:3)
  Gastronok (Lair:3)
  12 acid blobs
  2 deep elf master archers (Elf:3)
  2 deep elf blademasters (Elf:3)
  A tentacled starspawn (Abyss:3)
  5 thorn hunters
  Frances (D:14)
  Roxanne (D:15)
  7 azure jellies
  3 deep elf sorcerers (Elf:3)
  6 ghost moths
  5 emperor scorpions
  Aizul (Elf:3)
  3 deep elf elementalists (Elf:3)
  Louise (Spider:4)
  A very ugly thing (Swamp:3)
  2 starcursed masses (Abyss:3)
  4 deep elf demonologists (Elf:3)
  4 deep elf annihilators (Elf:3)
  A spark wasp (Spider:4)
  10 deep elf death magi (Elf:3)
  Josephine (D:11)
  A green death (Abyss:3)
  Erolcha (Orc:1)
  A death ooze (Slime:2)
  3 great orbs of eyes
  A deep elf high priest (Elf:3)
  14 hydras
  Fannar (Lair:1)
  3 ice dragons (Swamp:4)
  3 ghost crabs
  3 centaur warriors (D:14)
  9 two-headed ogres
  17 dancing weapons
  19 alligators
  An ogre mage (Orc:2)
  3 orc high priests (Orc:2)
  6 death yaks
  A tengu warrior (D:13)
  12 deep elf knights
  Nergalle (Lair:3)
  2 spriggan druids (Swamp:4)
  5 wizards (Volcano)
  A shambling mangrove (Swamp:2)
  3 swamp dragons
  6 orc knights
  10 deep elf archers
  14 orb spiders
  4 orc sorcerers
  The ghost of Curus the Cruncher, a novice MiGl of Okawaru (D:8)
  A wolf spider zombie (D:12)
  3 manticores
  35 deep elf magi
  4 oklob plants (Lair:3)
  29 wolf spiders
  A cyclops (D:12)
  2 shining eyes
  7 ugly things
  A moth of wrath (Spider:4)
  A manticore (shapeshifter) (D:15)
  5 toenail golems (Volcano)
  2 centaur zombies (D:14)
  A salamander (Lair:3)
  Maurice (D:8)
  4 black mambas
  2 eyes of devastation
  9 elephants
  A gargoyle (D:14)
  2 smoke demons (Abyss:3)
  A kobold demonologist (D:14)
  15 spiny frogs
  11 demonic crawlers
  10 komodo dragons
  A redback zombie (D:14)
  An efreet (D:13)
  An ancient zyme (Abyss:3)
  3 rime drakes
  4 freezing wraiths (Swamp:4)
  32 jumping spiders
  10 trolls
  2 large abominations (Elf:1)
  2 polar bears (Lair:6)
  13 blink frogs
  3 raiju (Abyss:3)
  20 hornets
  9 tyrant leeches
  3 bog bodies
  88 slime creatures
  A dream sheep (Lair:6)
  7 hippogriffs
  A meliai zombie (D:14)
  An air elemental (Elf:1)
  57 redbacks
  21 tarantellas
  3 vampires
  17 spriggans
  5 shadows
  5 wraiths
  A wyvern (D:10)
  2 ynoxinuls (Abyss:3)
  2 water elementals
  A fire bat (shapeshifter) (D:15)
  6 fire elementals
  7 basilisks
  3 hogs (Lair:4)
  4 golden eyes (Slime:4)
  34 yaks
  Eustachio (D:6)
  A chaos spawn (Abyss:3)
  A hungry ghost (D:10)
  5 swamp worm simulacra (Swamp:4)
  17 vampire mosquitoes
  18 swamp worms
  11 insubstantial wisps (Swamp:3)
  3 wargs
  Edmund (D:4)
  A floating eye (shapeshifter) (Elf:3)
  15 water moccasins
  5 porcupines
  15 hydra simulacra (Swamp:4)
  2 ice beasts
  24 orc warriors
  5 swamp drakes
  6 black bears
  3 sky beasts
  7 eyes of draining
  11 ogres
  8 boggarts
  3 necrophages
  15 centaurs
  20 wolves
  3 big kobolds
  14 crocodiles
  2 elf zombies (Elf:1)
  2 gnoll sergeants
  A small abomination (Abyss:3)
  3 wyvern zombies
  14 bullfrogs
  2 scorpions
  5 howler monkeys
  5 wights (D:7)
  6 electric eels
  2 crimson imps
  A quasit (D:10)
  2 bullfrog zombies
  17 orc priests
  3 jellies
  3 bullfrog skeletons
  4 centaur skeletons
  2 hounds
  20 orc wizards
  Crazy Yiuf (D:6)
  An iron imp (Abyss:3)
  A hell rat (D:10)
  6 iguanas
  Ijyb (D:5)
  9 worker ants
  Natasha (twice) (D:2)
  A killer bee zombie (D:8)
  A hound zombie (D:10)
  Robin (D:2)
  26 adders
  13 gnolls
  An adder (shapeshifter) (D:14)
  7 river rats
  2 shadow imps
  2 white imps (Abyss:3)
  2 ufetubi (Abyss:3)
  2 oozes (Sewer)
  3 swamp drake simulacra (Swamp:4)
  2 adder skeletons
  3 adder zombies
  A worm (D:2)
  4 dart slugs (D:1)
  9 leopard geckos
  74 orcs
  2 giant cockroaches
  10 goblins
  12 hobgoblins
  13 jackals
  21 kobolds
  5 quokkas
  12 ball pythons
  8 bats
  4 frilled lizards
  A jackal skeleton (D:5)
  2 quokka skeletons
  28 rats
  A butterfly (Lair:1)
  A fungus (Lair:3)
  A lurking horror (Abyss:3)
1348 creatures vanquished.

Vanquished Creatures (collateral kills)
  An acid blob (Slime:1)
  Kirke (Lair:4)
  A deep elf demonologist (Elf:3)
  A deep elf death mage (Elf:1)
  A deep elf mage (Elf:2)
  An ugly thing (D:14)
  An elephant (Lair:6)
  2 slime creatures
  A bog body (Swamp:3)
  2 blink frogs (Lair:2)
  A yak (Lair:6)
  An ogre (D:6)
  A wolf (Lair:6)
  A phantom (D:6)
  A centaur (D:14)
  A bullfrog (Sewer)
  The ghost of Curus the Cudgeler, a weakling MiFi (D:3)
  An electric eel (Lair:6)
  A jelly (D:12)
  2 centaur skeletons
  2 gnolls (D:6)
  6 orcs
  A jackal skeleton (D:4)
  A rat (D:10)
  A fungus (Lair:6)
34 creatures vanquished.

Vanquished Creatures (others)
  A spiny frog (Swamp:2)
  An orc wizard (Orc:2)
  15 fungi
  16 plants
  7 starspawn tentacles (Abyss:3)
40 creatures vanquished.

Grand Total: 1422 creatures vanquished

Notes
Turn   | Place    | Note
-------+----------+-------------------------------------------
     0 | D:1      | iamserjio the Demonspawn Fire Elementalist began the quest for the Orb.
     0 | D:1      | Reached XP level 1. HP: 13/13 MP: 3/3
   392 | D:1      | Gained mutation: A weak demonic guardian rushes to your aid. [demonic ancestry]
   392 | D:1      | Reached XP level 2. HP: 14/19 MP: 5/5
   689 | D:1      | Reached skill level 3 in Fire Magic
   703 | D:1      | Reached XP level 3. HP: 23/24 MP: 0/6
  1288 | D:2      | Learned a level 3 spell: Conjure Flame
  1691 | D:2      | Gained mutation: You are partially covered in yellow scales. (AC +2) [demonic ancestry]
  1691 | D:2      | Reached XP level 4. HP: 16/30 MP: 0/7
  2295 | D:2      | Noticed Natasha
  2304 | D:2      | Killed Natasha
  2304 | D:2      | Reached XP level 5. HP: 23/35 MP: 1/9
  2383 | D:2      | Noticed Natasha
  2417 | D:2      | Killed Natasha
  2430 | D:2      | Learned a level 4 spell: Sticky Flame
  2460 | D:2      | Found a basalt altar of Yredelemnul.
  2600 | D:2      | Noticed Natasha
  2651 | D:2      | Noticed Robin
  2732 | D:2      | Killed Robin
  2836 | D:2      | Found a stormy altar of Qazlal.
  3614 | D:3      | Found a shimmering altar of Xom.
  3813 | D:3      | Reached skill level 4 in Fire Magic
  3927 | D:3      | Gained mutation: You have sharp toenails. [demonic ancestry]
  3927 | D:3      | Reached XP level 6. HP: 40/41 MP: 10/10
  3977 | D:3      | Noticed Curus's ghost (weakling MiFi)
  3984 | D:3      | Killed Curus's ghost
  4835 | D:4      | Noticed Edmund
  4870 | D:4      | Killed Edmund
  5161 | D:4      | Found a sacrificial altar of Ru.
  5523 | D:5      | Entered Level 5 of the Dungeon
  5580 | D:5      | Found a staircase to the Ecumenical Temple.
  5585 | Temple   | Entered the Ecumenical Temple
  5612 | Temple   | Became a worshipper of Vehumet
  5709 | D:5      | Learned a level 1 spell: Summon Small Mammal
  5758 | D:5      | Found a glowing drain.
  5776 | Sewer    | Entered a sewer
  5888 | Sewer    | Gained mutation: You have razor-sharp toenails. [demonic ancestry]
  5888 | Sewer    | Reached XP level 7. HP: 46/46 MP: 9/12
  5942 | Sewer    | Reached skill level 5 in Fire Magic
  5943 | Sewer    | Reached * piety under Vehumet
  5943 | Sewer    | Offered knowledge of Shock by Vehumet.
  6338 | Sewer    | Reached skill level 5 in Conjurations
  6523 | Sewer    | Offered knowledge of Sandblast by Vehumet.
  6568 | D:5      | Reached ** piety under Vehumet
  6621 | D:5      | Reached skill level 6 in Fire Magic
  6767 | D:5      | Reached XP level 8. HP: 46/52 MP: 9/14
  6806 | D:5      | Learned a level 5 spell: Fireball
  6943 | D:5      | Noticed Ijyb
  6948 | D:5      | Killed Ijyb
  8120 | D:6      | Reached skill level 5 in Spellcasting
  8276 | D:6      | Reached skill level 7 in Fire Magic
  8281 | D:6      | Offered knowledge of Searing Ray by Vehumet.
  8285 | D:6      | Learned a level 2 spell: Searing Ray
  8656 | D:6      | Noticed Eustachio
  8666 | D:6      | Killed Eustachio
  8756 | D:6      | Found a runed door.
  8760 | D:6      | Noticed Crazy Yiuf
  8765 | D:6      | Killed Crazy Yiuf
  8991 | D:7      | Reached *** piety under Vehumet
  9023 | D:7      | Gained mutation: You are partially covered in sharp spines. [demonic ancestry]
  9023 | D:7      | Reached XP level 9. HP: 57/57 MP: 11/17
  9420 | D:7      | Found a blossoming altar of Fedhas.
  9426 | D:8      | Noticed Maurice
  9438 | D:8      | Killed Maurice
  9438 | D:8      | Reached skill level 8 in Fire Magic
  9864 | D:8      | Found a hide-covered altar of Uskayaw.
 10057 | D:8      | Offered knowledge of Iskenderun's Mystic Blast by Vehumet.
 10090 | D:8      | Noticed Curus's ghost (novice MiGl)
 10099 | D:8      | Killed Curus's ghost
 10099 | D:8      | Reached skill level 9 in Fire Magic
 10886 | D:8      | Found Zexuner's Book Shop.
 11016 | D:10     | Entered Level 10 of the Dungeon
 11052 | D:9      | Reached **** piety under Vehumet
 11423 | D:9      | Gained mutation: You are mostly covered in yellow scales. (AC +3) [demonic ancestry]
 11423 | D:9      | Reached XP level 10. HP: 55/62 MP: 16/20
 11617 | D:10     | Reached skill level 1 in Fighting
 12134 | D:9      | Offered knowledge of Mephitic Cloud by Vehumet.
 12149 | D:9      | Learned a level 3 spell: Mephitic Cloud
 12218 | D:9      | Found a shadowy altar of Dithmenos.
 13347 | D:10     | Found a staircase to the Lair.
 13347 | D:10     | Noticed a death yak
 13362 | D:10     | Noticed a death yak
 13369 | D:10     | Noticed a death yak
 13376 | D:10     | Killed a death yak
 13387 | D:10     | Killed a death yak
 13387 | D:10     | Reached skill level 10 in Fire Magic
 13399 | D:10     | Killed a death yak
 13925 | D:10     | Reached XP level 11. HP: 76/76 MP: 17/23
 14406 | D:10     | Reached skill level 1 in Shields
 14719 | D:11     | Noticed a red ugly thing
 14764 | D:11     | Noticed Josephine
 14998 | Lair:1   | Entered Level 1 of the Lair of Beasts
 15197 | Lair:1   | Found a white marble altar of Elyvilon.
 15210 | Lair:1   | Noticed Fannar
 15225 | Lair:1   | Killed Fannar
 15491 | Lair:1   | Reached ***** piety under Vehumet
 15491 | Lair:1   | Offered knowledge of Throw Icicle by Vehumet.
 16381 | Lair:2   | Reached skill level 10 in Conjurations
 16551 | Lair:2   | Reached skill level 11 in Fire Magic
 16713 | Lair:2   | Found a glowing silver altar of Zin.
 16868 | Lair:2   | Gained mutation: You are completely covered in yellow scales. (AC +4, rCorr) [demonic ancestry]
 16868 | Lair:2   | Reached XP level 12. HP: 83/83 MP: 21/25
 17421 | Lair:2   | Found a hole to the Spider Nest.
 18056 | Lair:3   | Noticed Nergalle
 18169 | Lair:3   | Killed Nergalle
 18280 | Lair:3   | Reached skill level 10 in Spellcasting
 18286 | Lair:3   | Got a dazzling leather armour
 18292 | Lair:3   | Got a smoking golden ring
 18316 | Lair:3   | Identified the ring of Peehaow {rPois rF+ rC+ Dex-3 SInv} (You found it on level 3 of the Lair of Beasts)
 18327 | Lair:3   | Identified the +1 leather armour of Freedom {*Drain rElec rF+ Str+3} (You found it on level 3 of the Lair of Beasts)
 18528 | Lair:3   | Offered knowledge of Conjure Ball Lightning by Vehumet.
 18528 | Lair:3   | Reached skill level 12 in Fire Magic
 18932 | Lair:3   | Noticed Gastronok
 18944 | Lair:3   | Killed Gastronok
 19540 | Lair:4   | Reached skill level 5 in Fighting
 19728 | Lair:4   | Noticed a six-headed hydra
 19731 | Lair:4   | Killed a six-headed hydra
 19911 | Lair:4   | Noticed a six-headed hydra
 19915 | Lair:4   | Killed a six-headed hydra
 19915 | Lair:4   | Reached XP level 13. HP: 90/90 MP: 6/27
 20090 | Lair:4   | Noticed Kirke
 20096 | Lair:4   | Killed Kirke
 20119 | Lair:4   | Found a staircase to the Swamp.
 21251 | Lair:6   | Entered Level 6 of the Lair of Beasts
 21672 | Lair:6   | Found a staircase to the Slime Pits.
 21672 | Lair:6   | Found a viscous altar of Jiyva.
 21975 | Lair:6   | Offered knowledge of Bolt of Cold by Vehumet.
 22515 | Lair:6   | Reached skill level 13 in Fire Magic
 24116 | D:11     | Found Mesahyop's Antique Weapon Boutique.
 24179 | D:11     | Reached XP level 14. HP: 94/100 MP: 15/29
 24525 | D:11     | Found an iron altar of Okawaru.
 24569 | D:11     | Killed Josephine
 24793 | D:12     | Found a roughly hewn altar of Beogh.
 24793 | D:12     | Found a staircase to the Orcish Mines.
 25751 | D:12     | Found Kuem's Armour Shop.
 26833 | D:13     | Offered knowledge of Poison Arrow by Vehumet.
 26840 | D:13     | Reached ****** piety under Vehumet
 27124 | D:12     | Learned a level 6 spell: Iron Shot
 27333 | D:13     | Found a gate to the Vaults.
 27369 | D:13     | Reached skill level 1 in Earth Magic
 27398 | D:13     | Learned a level 2 spell: Blink
 27499 | D:13     | Found a glowing golden altar of the Shining One.
 29729 | D:14     | Noticed Frances
 29735 | D:14     | Killed Frances
 29985 | D:14     | Reached skill level 14 in Fire Magic
 30175 | D:15     | Entered Level 15 of the Dungeon
 30556 | D:15     | Noticed Roxanne
 30708 | D:15     | Killed Roxanne
 30712 | D:15     | Identified Roxanne's Almanac of the Mountains (You took it off Roxanne on level 15 of the Dungeon)
 30812 | D:15     | Gained mutation: Your magical and physical power is slightly enhanced at high health. [demonic ancestry]
 30812 | D:15     | Reached XP level 15. HP: 99/110 MP: 11/31
 31231 | D:15     | Identified the Almanac of Helpful Envenoming
 31303 | D:15     | Found a staircase to the Depths.
 31498 | Orc:1    | Entered Level 1 of the Orcish Mines
 31502 | Orc:1    | Noticed Erolcha
 31504 | Orc:1    | Paralysed by Erolcha for 2 turns
 31818 | Orc:1    | Killed Erolcha
 31975 | Orc:1    | Found a roughly hewn altar of Beogh.
 32305 | Orc:2    | Entered Level 2 of the Orcish Mines
 32318 | Orc:2    | Found a dark tunnel.
 32336 | Volcano  | Entered a volcano
 32345 | Volcano  | Learned a level 5 spell: Lee's Rapid Deconstruction
 32363 | Volcano  | Offered knowledge of Freezing Cloud by Vehumet.
 32623 | Volcano  | Learned a level 6 spell: Freezing Cloud
 33097 | Orc:2    | Found a staircase to the Elven Halls.
 33241 | Orc:2    | Reached skill level 5 in Earth Magic
 34288 | Orc:2    | Found Xuwasyunn's Food Shop.
 34288 | Orc:2    | Found Myhuasse's Weapon Shoppe.
 34290 | Orc:2    | Found Ypuon's Weapon Shop.
 34290 | Orc:2    | Found Sinuhe's Assorted Antiques.
 34399 | Orc:2    | Bought a scroll of identify for 72 gold pieces
 34399 | Orc:2    | Bought a lumpy cameo amulet for 180 gold pieces
 34493 | Elf:1    | Entered Level 1 of the Elven Halls
 35880 | Elf:1    | Reached skill level 15 in Conjurations
 35885 | Elf:1    | Reached skill level 15 in Fire Magic
 36050 | Elf:1    | Found Beggauk's Assorted Antiques.
 36055 | Elf:1    | Bought a scroll of fog for 40 gold pieces
 36055 | Elf:1    | Bought a sapphire potion for 18 gold pieces
 36055 | Elf:1    | Bought a scroll of identify for 40 gold pieces
 36055 | Elf:1    | Bought a scroll of fog for 40 gold pieces
 36235 | Elf:1    | Identified the Disquisition on Stolen Souls
 36454 | Elf:2    | Offered knowledge of Ozocubu's Refrigeration by Vehumet.
 36455 | Elf:2    | Gained mutation: You have claws for feet. [demonic ancestry]
 36455 | Elf:2    | Reached XP level 16. HP: 118/118 MP: 33/33
 36653 | Elf:2    | Found Ydigutt's Book Shoppe.
 36755 | Elf:2    | Got a polished quarterstaff
 37173 | Elf:2    | Found a huge runed gate.
 37181 | Elf:2    | Found a huge runed gate.
 37181 | Elf:2    | Found a huge runed gate.
 37181 | Elf:2    | Found a huge runed gate.
 37184 | Elf:2    | Reached skill level 1 in Translocations
 37196 | Elf:2    | Found a huge runed gate.
 37663 | Elf:3    | Entered Level 3 of the Elven Halls
 37688 | Elf:3    | Identified the +7 quarterstaff of Joyful Slaughter {pain, Str+4} (You found it on level 2 of the Elven Halls)
 37725 | Elf:3    | Noticed Aizul
 37738 | Elf:3    | Killed Aizul
 37859 | Elf:3    | Noticed Jorgrun
 38012 | Elf:3    | Killed Jorgrun
 38481 | Elf:2    | Learned a level 3 spell: Vampiric Draining
 39333 | Elf:3    | Noticed a deep elf blademaster
 39337 | Elf:3    | Killed a deep elf blademaster
 39349 | Elf:3    | Noticed a deep elf blademaster
 39365 | Elf:3    | Killed a deep elf blademaster
 39566 | Elf:3    | Got a smoking broad axe {distort}
 39603 | Elf:3    | Noticed Nikola
 39609 | Elf:3    | Killed Nikola
 39714 | Elf:2    | Identified the +5 broad axe of Intuition {distort, +Rage rElec rF- Int+4} (You took it off a deep elf elementalist on level 3 of the Elven Halls)
 40127 | Elf:3    | Reached XP level 17. HP: 125/125 MP: 14/35
 40129 | Elf:3    | Noticed a deep elf master archer
 40130 | Elf:3    | Cast into level 3 of the Abyss (a deep elf demonologist)
 40134 | Abyss:3  | Got an abyssal rune of Zot
 40151 | Abyss:3  | Learned a level 3 spell: Regeneration
 40230 | Abyss:3  | Reached skill level 16 in Fire Magic
 40264 | Abyss:3  | Found a corrupted altar of Lugonu.
 40284 | Abyss:3  | Noticed a lich
 40290 | Abyss:3  | Noticed an Ice Fiend
 40368 | Abyss:3  | Noticed a bone dragon
 40472 | Abyss:3  | Offered knowledge of Orb of Destruction by Vehumet.
 40483 | Abyss:3  | Learned a level 7 spell: Orb of Destruction
 40562 | Elf:3    | Escaped the Abyss
 40581 | Elf:3    | Killed a deep elf master archer
 40863 | Elf:3    | Noticed a deep elf master archer
 40865 | Elf:3    | Killed a deep elf master archer
 41085 | Elf:3    | Got a fine rapier {antimagic}
 41133 | Elf:3    | Got a dazzling scale mail
 41196 | Elf:3    | Got a pair of faintly humming boots
 41210 | Elf:3    | Identified the +4 rapier "Qam Veez" {antimagic, rPois rC+} (You took it off a deep elf mage on level 3 of the Elven Halls)
 41271 | Elf:3    | Identified the +4 scale mail of Heurghoe {Int+10} (You found it on level 3 of the Elven Halls)
 41742 | Swamp:1  | Entered Level 1 of the Swamp
 41774 | Swamp:1  | Reached skill level 1 in Armour
 43843 | Swamp:2  | Reached skill level 15 in Spellcasting
 44716 | Swamp:3  | Found a shadowy altar of Dithmenos.
 44775 | Swamp:3  | Reached skill level 5 in Armour
 44777 | Swamp:3  | Gained mutation: Your magical and physical power is enhanced at high health. [demonic ancestry]
 44777 | Swamp:3  | Reached XP level 18. HP: 132/132 MP: 22/37
 45015 | Swamp:3  | Offered knowledge of Lehudib's Crystal Spear by Vehumet.
 45015 | Swamp:3  | Offered knowledge of Glaciate by Vehumet.
 45015 | Swamp:3  | Offered knowledge of Ignition by Vehumet.
 45184 | Swamp:4  | Entered Level 4 of the Swamp
 46308 | Swamp:4  | Got a decaying rune of Zot
 46516 | Spider:1 | Entered Level 1 of the Spider Nest
 46842 | Spider:1 | Learned a level 8 spell: Ignition
 47243 | Spider:2 | Reached skill level 5 in Dodging
 47372 | Spider:2 | Reached skill level 17 in Fire Magic
 48070 | Spider:3 | Noticed Arachne
 48074 | Spider:3 | Killed Arachne
 48686 | Spider:4 | Entered Level 4 of the Spider Nest
 48691 | Spider:4 | Noticed Louise
 48693 | Spider:4 | Killed Louise
 49103 | Spider:4 | Noticed Mara
 49115 | Spider:4 | Killed Mara
 49149 | Spider:4 | Gained mutation: A demonic guardian rushes to your aid. [demonic ancestry]
 49149 | Spider:4 | Reached XP level 19. HP: 138/138 MP: 30/38
 50295 | Spider:4 | Got a gossamer rune of Zot
 50488 | Slime:1  | Entered Level 1 of the Pits of Slime
 50800 | Slime:3  | Noticed Dissolution
 50805 | Slime:3  | Killed Dissolution
 51768 | Slime:2  | Reached skill level 18 in Fire Magic
 52367 | Slime:4  | Reached skill level 10 in Armour
 52501 | Slime:5  | Entered Level 5 of the Pits of Slime
 52509 | Slime:5  | Gained mutation: You are mostly covered in sharp spines. [demonic ancestry]
 52509 | Slime:5  | Reached XP level 20. HP: 144/144 MP: 36/40
 52570 | Slime:5  | Noticed the Royal Jelly
 52663 | Slime:5  | HP: 6/144 [acid (3)]
 52663 | Slime:5  | HP: 1/144 [the Royal Jelly (5)]
 52663 | Slime:5  | Splashed by the Royal Jelly's acid

Vault maps used:
D:1:      shiori_shiawase, serial_curves, eino_curves_02, eino_curves_02
D:2:      yredelemnul_altar_generic, nicolae_qazlal_general_emergency,
          first_ration, minmay_snake_closets, uniq_natasha, uniq_robin
D:3:      tgw_xom
D:4:      overflow_temple_1_default, uniq_edmund
D:5:      temple_doors_ab, cheibrodos_sewer_entry_sluice, uniq_ijyb
D:6:      uniq_eustachio, uniq_crazy_yiuf_cottage
D:7:      fedhas_altar_2
D:8:      lemuel_round_altar, serial_shops, shop, uniq_maurice
D:9:      lemuel_ice_spiral_2, overflow_temple_1_default
D:10:     dpeg_lair_monsters
D:11:     basic_altar, serial_shops, nicolae_shop_overgrown_old_shop,
          uniq_josephine
D:12:     david_orc_5, serial_shops, nicolae_shop_trees
D:13:     erik_vaults_1, basic_altar, grunt_tengu_nest
D:14:     minmay_misc_feat_five, uniq_frances
D:15:     gammafunk_enter_depths_forms, nicolae_twisting_strands, uniq_roxanne
Temple:   eino_wide_crystal_templ
Lair:1:   basic_altar, small_statue_intersection, lemuel_fruit_fields,
          grunt_megastairs_5, uniq_fannar
Lair:2:   spider_nest_entry_funnel_web, basic_altar
Lair:3:   minmay_lair_oklob_chamber, grunt_megastairs_2, lemuel_fruit_tree,
          lemuel_fruit_fields, infiniplex_staircase_pool_2, uniq_nergalle,
          uniq_gastronok
Lair:4:   swamp_mist_pool, uniq_kirke
Lair:6:   minmay_lair_end_enchanted_forest, slime_altar_1, serial_bayou_shore_a
Swamp:1:  hangedman_swamp_lotus
Swamp:2:  evilmike_swamp_ruin_house_1, swamp_pool3
Swamp:3:  basic_altar
Swamp:4:  swamp_icy
Spider:2: spider_trap
Spider:3: uniq_arachne
Spider:4: guppyfry_spider_rune, uniq_mara, uniq_louise
Slime:1:  cheibrodos_slime_lost_civilization_9
Slime:2:  nicolae_slime_phagocytosis
Slime:3:  uniq_dissolution
Slime:4:  dissolution_awaits
Orc:1:    minmay_orc_temple_a, uniq_erolcha
Orc:2:    grunt_orc_tribal_feast, lightli_volcano_entry_magma_tube
Elf:1:    minmay_elf_arrival_plus, serial_shops, shop, minmay_elf_necromancy
Elf:2:    serial_shops, shop, solitary_fountain
Elf:3:    elf_hall, uniq_jorgrun, uniq_aizul, uniq_nikola
Abyss:3:  nicolae_abyss_rune_star_stuff
Sewer:    sewer_minmay_w
Volcano:  volcano_bunker

Skill      XL: |  1  2  3  4  5  6  7  8  9 10 11 12 13 14 15 16 17 18 19 |
---------------+----------------------------------------------------------+-----
Conjurations   | 2 3 4 5 6 7 9 10 11 12 13 15 16 17 | 17.9
Fire Magic     | 3 4 6 7 9 10 11 12 13 14 15 16 17 18 | 18.3
Spellcasting   | 3 4 5 6 8 9 10 11 12 13 14 15 16 | 16.2
Fighting       | 4 5 6 7 8 9 |  9.0
Shields        | 4 |  4.0
Earth Magic    | 3 5 |  5.0
Translocations | 3 |  3.4
Armour         | 5 8 10 | 10.0
Dodging        | 3 5 7 |  7.7
Stealth        | |  1.7

Action                   |  1- 3 |  4- 6 |  7- 9 | 10-12 | 13-15 | 16-18 | 19-21 || total
-------------------------+-------+-------+-------+-------+-------+-------+-------++-------
Melee: Club              |    58 |     2 |       |       |       |       |       ||    60
       Spear             |       |    65 |    34 |   108 |   115 |       |       ||   322
       Kick              |       |     2 |       |       |       |    11 |     3 ||    16
       Staff             |       |       |       |       |   161 |    33 |    30 ||   224
       Unarmed           |       |       |       |       |     1 |       |       ||     1
 Cast: Flame Tongue      |    61 |   112 |   322 |   324 |   368 |    16 |     2 ||  1205
       Conjure Flame     |     1 |     4 |    12 |    27 |    38 |     1 |       ||    83
       Sticky Flame      |       |     1 |     4 |    49 |   187 |    47 |    25 ||   313
       Fireball          |       |       |     2 |    54 |   175 |   400 |   137 ||   768
       Summon Small Mamm |       |       |     1 |       |       |       |       ||     1
       Mephitic Cloud    |       |       |       |     1 |     2 |       |       ||     3
       Iron Shot         |       |       |       |       |    22 |    51 |    65 ||   138
       Searing Ray       |       |       |       |       |    29 |    49 |     1 ||    79
       Regeneration      |       |       |       |       |       |    16 |       ||    16
       Orb of Destructio |       |       |       |       |       |     8 |       ||     8
       Ignition          |       |       |       |       |       |     4 |     2 ||     6
Evoke: Wand              |       |       |     4 |     4 |     2 |     6 |       ||    16
       Sack of spiders   |       |       |       |     1 |       |       |       ||     1
  Use: Scroll            |       |    12 |     5 |     7 |    20 |    24 |       ||    68
       Potion            |       |       |       |     1 |     3 |     3 |     1 ||     8
 Stab: Sleeping          |       |     1 |       |     1 |       |       |       ||     2
       Distracted        |       |       |       |     1 |       |     1 |       ||     2
       Confused          |       |       |       |     1 |       |       |       ||     1
  Eat: Chunk             |     3 |    11 |    10 |    20 |    44 |    17 |     1 ||   106
       Ration            |       |     1 |     2 |     5 |     9 |     8 |     4 ||    29
Armor: Robe              |    13 |    32 |    52 |    50 |   133 |    34 |       ||   314
       Leather armour    |       |       |       |    10 |    87 |       |       ||    97
       Scale mail        |       |       |       |       |       |   122 |   134 ||   256
Dodge: Dodged            |    84 |    52 |    70 |    82 |   249 |   103 |    82 ||   722
Block: Buckler           |       |       |       |    27 |    85 |    62 |    28 ||   202

Table legend:
 A = Spawn XP
 B = Non-spawn XP
 C = Spawn XP percentage of total XP
 D = Spawn monster count
 E = Non-spawn monster count
 F = Spawn count percentage of total count
 G = Total turns spent on level
                    A         B        C        D         E        F      G
               +---------+---------+-------+---------+---------+-------+---------
         Total |    4049 |  487208 |   0.8 |      12 |    1367 |   0.9 | 52663
               +---------+---------+-------+---------+---------+-------+---------
           D:1 |       0 |      51 |   0.0 |       0 |      23 |   0.0 |  1115
           D:2 |       0 |     267 |   0.0 |       0 |      38 |   0.0 |  1925
           D:3 |       0 |     140 |   0.0 |       0 |      28 |   0.0 |  1295
           D:4 |       0 |     180 |   0.0 |       0 |       9 |   0.0 |  1377
           D:5 |       0 |     627 |   0.0 |       0 |      26 |   0.0 |  1511
           D:6 |       0 |    1026 |   0.0 |       0 |      25 |   0.0 |   936
           D:7 |       0 |     783 |   0.0 |       0 |      15 |   0.0 |   850
           D:8 |       0 |    1913 |   0.0 |       0 |      31 |   0.0 |  1172
           D:9 |       0 |     979 |   0.0 |       0 |      24 |   0.0 |  1410
          D:10 |       0 |    5944 |   0.0 |       0 |      50 |   0.0 |  2364
          D:11 |       0 |    4210 |   0.0 |       0 |      16 |   0.0 |  1254
          D:12 |       0 |    7985 |   0.0 |       0 |      52 |   0.0 |  2107
          D:13 |       0 |    9056 |   0.0 |       0 |      36 |   0.0 |  1496
          D:14 |       0 |   14865 |   0.0 |       0 |      44 |   0.0 |  1992
          D:15 |       0 |    8827 |   0.0 |       0 |      22 |   0.0 |  1253
        Lair:1 |       0 |    3987 |   0.0 |       0 |      15 |   0.0 |  1368
        Lair:2 |       0 |    6774 |   0.0 |       0 |      30 |   0.0 |  1648
        Lair:3 |       0 |   11193 |   0.0 |       0 |      29 |   0.0 |  1768
        Lair:4 |       0 |    5703 |   0.0 |       0 |      13 |   0.0 |  1018
        Lair:5 |       0 |    1042 |   0.0 |       0 |       6 |   0.0 |   850
        Lair:6 |       0 |   22798 |   0.0 |       0 |      90 |   0.0 |  2801
       Swamp:1 |       0 |    6301 |   0.0 |       0 |      22 |   0.0 |   777
       Swamp:2 |       0 |   14079 |   0.0 |       0 |      35 |   0.0 |  1726
       Swamp:3 |       0 |   28892 |   0.0 |       0 |      48 |   0.0 |  1023
       Swamp:4 |       0 |   22857 |   0.0 |       0 |      65 |   0.0 |  1185
      Spider:1 |       0 |   11414 |   0.0 |       0 |      26 |   0.0 |   749
      Spider:2 |       0 |   22210 |   0.0 |       0 |      71 |   0.0 |   968
      Spider:3 |       0 |   15849 |   0.0 |       0 |      27 |   0.0 |   726
      Spider:4 |       0 |   38751 |   0.0 |       0 |      64 |   0.0 |  1355
       Slime:1 |       0 |   11078 |   0.0 |       0 |      18 |   0.0 |   255
       Slime:2 |       0 |   17796 |   0.0 |       0 |      29 |   0.0 |  1186
       Slime:3 |       0 |   32120 |   0.0 |       0 |      30 |   0.0 |   326
       Slime:4 |       0 |    6604 |   0.0 |       0 |      11 |   0.0 |   187
       Slime:5 |       0 |   18349 |   0.0 |       0 |      29 |   0.0 |    73
         Orc:1 |       0 |    2094 |   0.0 |       0 |      18 |   0.0 |   884
         Orc:2 |       0 |   17626 |   0.0 |       0 |      72 |   0.0 |  1844
         Elf:1 |       0 |   15342 |   0.0 |       0 |      29 |   0.0 |  1326
         Elf:2 |       0 |   20771 |   0.0 |       0 |      31 |   0.0 |  2218
         Elf:3 |       0 |   65018 |   0.0 |       0 |      55 |   0.0 |  2562
       Abyss:3 |    4049 |    4626 |  46.7 |      12 |       7 |  63.2 |   432
         Sewer |       0 |     430 |   0.0 |       0 |      47 |   0.0 |   786
       Volcano |       0 |    6651 |   0.0 |       0 |      11 |   0.0 |   524
               +---------+---------+-------+---------+---------+-------+---------
